 Dungeon Crawl Stone Soup version 0.31.0-11-ge490571c62 (webtiles) character file.

Game seed: 321900590253549243

74 qw the Shooter (level 4, -5/22 HPs)
             Began as a Spriggan Hunter on Feb 3, 2024.
             Slain by an orc
             ... wielding a +0 flail
              (8 damage)
             ... on level 3 of the Dungeon.
             The game lasted 00:00:05 (1326 turns).

qw the Shooter (Spriggan Hunter)                    Turns: 1326, Time: 00:00:05

Health: -5/22      AC:  2    Str:  7    XL:     4   Next: 10%
Magic:  5/5        EV: 19    Int: 10    God:
Gold:   100        SH:  0    Dex: 20    Spells: 3/3 levels left

rFire   + . .        a - +0 shortbow (flame)
rCold   . . .        (shield currently unavailable)
rNeg    . . .        c - +0 robe
rPois   .            (helmet restricted)
rElec   .            (no cloak)
rCorr   .            (gloves unavailable)
SInv    +            (boots unavailable)
Will    .....        d - amulet of regeneration
Stlth   ++           g - ring of protection from fire
HPRegen 1.03/turn    (no ring)
MPRegen 0.09/turn

%: no passive effects
@: very quick
A: very small, no large weapons, unfitting armour, see invisible, speed 3
a: no special abilities


You were on level 3 of the Dungeon.
You visited 1 branch of the dungeon, and saw 3 of its levels.

You collected 100 gold pieces.


Innate Abilities, Weirdness & Mutations

You are very small and have problems with some larger weapons.
You are too small for most types of armour.
You have supernaturally acute eyesight. (SInv)
You cover ground extremely quickly. (Speed+++)


   Skills:
 - Level 1.5 Fighting
 - Level 5.0 Ranged Weapons
 + Level 4.4 Dodging
 - Level 1.5 Stealth


You had 3 spell levels left.
You didn't know any spells.
Your spell library was empty.

Inventory:

Hand Weapons
 a - a +0 shortbow of flaming (weapon)
Armour
 c - a +0 robe (worn)
Jewellery
 d - an amulet of regeneration (around neck)
 g - a ring of protection from fire (left hand)
Scrolls
 b - a scroll of teleportation {unknown}
Potions
 e - a potion of ambrosia {unknown}
 f - 2 potions of enlightenment
 h - a potion of attraction {unknown}

Dungeon Overview and Level Annotations

Branches:
Dungeon (3/15)

Altars:
Gozag


Message History

You shoot an arrow. The arrow barely misses the orc wizard.
The arrow barely misses the orc.
A hobgoblin comes into view.
You shoot an arrow.
The arrow closely misses the orc wizard.
The hobgoblin shouts!
The arrow hits the orc.
The arrow burns the orc.
The orc is heavily wounded.
The orc wizard points at you and mumbles some strange words.
The magic dart hits you!
You shoot an arrow. The arrow hits the orc wizard.
The arrow burns the orc wizard.
The orc wizard is moderately wounded.
You shoot an arrow. The arrow hits the orc wizard.
The arrow burns the orc wizard.
The orc wizard is heavily wounded.
You shoot an arrow. The arrow hits the orc wizard.
The arrow burns the orc wizard.
The orc wizard is severely wounded.
The orc wizard casts a spell at you. The magic dart hits you.
You shoot an arrow. The arrow barely misses the orc wizard.
The orc wizard completely misses you.
The orc wizard casts a spell.
The orc wizard flickers and vanishes for a moment.
The orc wizard hits you with a +0 dagger.
You shoot an arrow.
The arrow hits the orc wizard but does no damage.
The orc wizard is severely wounded.
The orc wizard casts a spell at you. The magic dart hits you!
You shoot an arrow.
The arrow closely misses the orc wizard.
The orc wizard hits you but does no damage.
You shoot an arrow. The arrow hits the orc wizard.
The arrow burns the orc wizard.
The orc wizard is almost dead.
The orc wizard hits you with a +0 dagger. x2
The orc hits you with a +0 flail!
You die...

.... .... .)...
.... #..###### o..
#......###g#
########..oo.#
#.........@o##
###.#########....#
#####...# ###.#
#.....### .#
.)##### .## .# .#
.#######


You could see 2 orc wizards, 2 orcs and a hobgoblin.

Vanquished Creatures
  2 adders
  2 ribbon worms (D:2)
  An orc (D:3)
  3 endoplasms
  3 giant cockroaches
  4 goblins
  3 hobgoblins
  7 jackals
  3 kobolds
  7 quokkas
  2 ball pythons
  2 bats
  2 frilled lizards
  4 rats
45 creatures vanquished.

Notes
Turn   | Place    | Note
-------+----------+-------------------------------------------
     0 | D:1      | qw the Spriggan Hunter began the quest for the Orb.
     0 | D:1      | Reached XP level 1. HP: 10/10 MP: 2/2
     0 | D:1      | 0 ||| qw: Version: 0.3-a-157-g843a77d
     0 | D:1      | 0 ||| qw: Game counter: 3808
     0 | D:1      | 0 ||| qw: Melee chars always use a shield: true
     0 | D:1      | 0 ||| qw: God list: Okawaru
     0 | D:1      | 0 ||| qw: Allow faded altars: false
     0 | D:1      | 0 ||| qw: Do Orc after clearing Dungeon:15 true
     0 | D:1      | 0 ||| qw: Do second Lair branch before Depths: true
     0 | D:1      | 0 ||| qw: Lair rune preference: random
     0 | D:1      | 0 ||| qw: Goals: Normal
     0 | D:1      | 0 ||| PLANNING D:1-11
    61 | D:1      | Reached skill level 3 in Dodging
   106 | D:1      | Reached XP level 2. HP: 14/14 MP: 3/3
   142 | D:1      | 142 ||| DROPPING +0 heavy sling.
   664 | D:1      | 664 ||| UPGRADING to ring of protection from fire.
   665 | D:1      | 665 ||| READING 2 scrolls labelled IHYIFI WOIL.
   665 | D:1      | 665 ||| IDENTIFYING brown potion
   666 | D:1      | 666 ||| READING scroll of identify.
   666 | D:1      | 666 ||| IDENTIFYING scroll labelled UNEOSH CATWESK
   667 | D:1      | 667 ||| DROPPING scroll of butterflies.
   668 | D:1      | 668 ||| DROPPING scroll of vulnerability.
   721 | D:2      | Reached XP level 3. HP: 18/18 MP: 4/4
   757 | D:2      | Found a faded altar of an unknown god.
   793 | D:2      | Found an opulent altar of Gozag.
  1231 | D:2      | 1231 ||| UPGRADING to amulet of regeneration.
  1236 | D:2      | 1236 ||| READING scroll labelled LUJOGYGIPHO.
  1236 | D:2      | 1236 ||| BRANDING +0 shortbow.
  1254 | D:3      | Reached skill level 5 in Ranged Weapons
  1283 | D:3      | Reached XP level 4. HP: 22/22 MP: 5/5
  1324 | D:3      | HP: 3/22 [orc wizard/magic dart (9)]
  1326 | D:3      | Slain by an orc

Levels and vault maps discovered:
D:1:      dpeg_arrival_erosion, layout_loops_ring
D:2:      layout_basic, basic_altar, chequers_ecumenical_altar_simple
D:3:      layout_rooms, minmay_mini_jars

Skill      XL: |  1  2  3 |
---------------+----------+-----
Dodging        | 3 4 |  4.4
Ranged Weapons | 5 |  5.0
Fighting       | |  1.5
Stealth        | |  1.5

Action                     |  1- 3 |  4- 6 || total
---------------------------+-------+-------++-------
   Fire: Shortbow          |   103 |    11 ||   114
    Use: Scroll            |     3 |       ||     3
 Armour: Robe              |     7 |     8 ||    15
  Dodge: Dodged            |    21 |     1 ||    22

Table legend:
 A = Non-vault XP
 B = Vault XP
 C = Vault XP percentage of total XP
 D = Non-vault monster count
 E = Vault monster count
 F = Vault count percentage of total count
                 A         B        C        D         E       F
            +---------+---------+-------+---------+---------+-------
      Total |     107 |       0 |   0.0 |      45 |       0 |   0.0
            +---------+---------+-------+---------+---------+-------
        D:1 |      38 |       0 |   0.0 |      22 |       0 |   0.0
        D:2 |      45 |       0 |   0.0 |      17 |       0 |   0.0
        D:3 |      24 |       0 |   0.0 |       6 |       0 |   0.0
            +---------+---------+-------+---------+---------+-------
